 Dungeon Crawl Stone Soup version 0.28-a0-697-g47f3eba078 (webtiles) character file.

Game seed: 15200012905155048173

8 tatocazan the Skirmisher (level 2, 23/24 HPs)
             Began as a Demonspawn Fighter on Oct 23, 2021.
             Quit the game on level 1 of the Dungeon.
             The game lasted 00:00:23 (484 turns).

tatocazan the Skirmisher (Demonspawn Fighter)        Turns: 484, Time: 00:00:24

Health: 23/24      AC:  6    Str: 16    XL:     2   Next: 0%
Magic:  2/2        EV:  9    Int:  9    God:
Gold:   68         SH:  4    Dex: 12    Spells: 1/1 levels left

rFire   . . .      SeeInvis .   a - +0 war axe
rCold   . . .      Faith    .   c - +0 buckler
rNeg    . . .      Spirit   .   b - +0 scale mail
rPois   .          Reflect  .   (no helmet)
rElec   .          Harm     .   (no cloak)
rCorr   .          Rampage  .   (no gloves)
Will    .....                   (no boots)
Stlth   ..........              (no amulet)
HPRegen 0.08/turn               (no ring)
MPRegen 0.16/turn               (no ring)

@: no status effects
A: magic regeneration
a: no special abilities


You were on level 1 of the Dungeon.
You visited 1 branch of the dungeon, and saw 1 of its levels.

You collected 68 gold pieces.

Inventory:

Hand Weapons
 a - a +0 war axe (weapon)
Armour
 b - a +0 scale mail (worn)
 c - a +0 buckler (worn)
Potions
 d - a potion of might
 e - a potion of flight {unknown}
 f - a potion of lignification {unknown}
 g - a potion of magic {unknown}


   Skills:
 + Level 3.1 Fighting
 + Level 2.0 Axes
 + Level 2.8 Armour
 + Level 2.8 Shields


You had one spell level left.
You didn't know any spells.
Your spell library was empty.

Dungeon Overview and Level Annotations

Branches:
Dungeon (1/15)

Altars:


Innate Abilities, Weirdness & Mutations

You regenerate magic rapidly.


Message History

Health restored: 18 You now have 63 gold pieces (gained 18).
You open the door.
There is an open door here.
You now have 68 gold pieces (gained 5).
You open the door.
There is an open door here.
Key pressed, stopping explore.
You open the large door.
There is a large open door here.
A bat comes into view.
You block the bat's attack.
A bat is nearby!
A bat is nearby!
A bat is nearby!
A bat is nearby!
The bat hits you but does no damage. You block the bat's attack.
Found a scroll labelled RECHYRICLU.
The bat hits you but does no damage.
A hobgoblin comes into view.
You block the bat's attack.
An endoplasm comes into view.
The endoplasm quivers.
The bat hits you.
The endoplasm moves out of view.
You take 1 damage, and have 17/18 hp.
You hit the bat.
The bat is heavily wounded.
The bat misses you.
You barely miss the bat.
The bat is heavily wounded.
You hit the hobgoblin.
You kill the hobgoblin!
The bat hits you but does no damage. x2
Your Axes skill increases to level 2!
You have reached level 2!
Your demonic ancestry asserts itself...
Your magic begins to regenerate rapidly.
You regained 6 hp, and now have 23/24 hp.
MP restored: 2 Are you sure you want to abandon this character and quit the game? (Confirm with "yes".)

#.....# #.....#
#.....# #....## #+#
#....# ## #.#
#....####. #.#
#......##.###.#+###.#
##''....#...........#
###....##.##b@.....#
#.......##.†....##
#...######.J....#
##### .......#
........# #......?.#
#...###### #####


You could see an endoplasm and a bat.

Vanquished Creatures
  An endoplasm (D:1)
  A giant cockroach (D:1)
  2 hobgoblins (D:1)
  A frilled lizard (D:1)
  2 kobolds (D:1)
7 creatures vanquished.

Notes
Turn   | Place    | Note
-------+----------+-------------------------------------------
     0 | D:1      | tatocazan the Demonspawn Fighter began the quest for the
                  | Orb.
     0 | D:1      | Reached XP level 1. HP: 18/18 MP: 1/1
   484 | D:1      | Gained mutation: You regenerate magic rapidly. [demonic
                  | ancestry]
   484 | D:1      | Reached XP level 2. HP: 23/24 MP: 2/2
   484 | D:1      | Quit the game

Illustrated notes

Levels and vault maps discovered:
D:1:      ebering_trefoil_twist, layout_basic

Skill      XL: |  1 |
---------------+----+-----
Axes           | 2 |  2.0
Fighting       | |  3.1
Armour         | |  2.8
Shields        | |  2.8

Action                   || total
-------------------------++-------
Melee: War axe           ||    15
Armor: Scale mail        ||     9
Dodge: Dodged            ||     6
Block: Buckler           ||     5

Table legend: (Time is in decaauts)
 A = Elapsed time spent in this place.
 B = Non-inter-level travel time spent in this place.
 C = Inter-level travel time spent in this place.
 D = Time resting spent in this place.
 E = Time spent auto-exploring this place.
 F = Levels seen in this place.
 G = Mean time per level.
                   A        B        C        D        E       F      G
               +--------+--------+--------+--------+--------+-----+--------+
         Total |    490 |    490 |      0 |      0 |    440 |   1 |  490.0 |
       Dungeon |    490 |    490 |      0 |      0 |    440 |   1 |  490.0 |
               +--------+--------+--------+--------+--------+-----+--------+

Top non-repeatable levels by time:
     D:1: 490 daAuts
